 Dungeon Crawl Stone Soup version 0.27-a0-385-g3208abaabc (webtiles) character file.

Game seed: 6567323899713295054

6021 jestyr24 the Blocker (level 10, -12/90 HPs)
             Began as a Minotaur Fighter on Feb 20, 2021.
             Was an Elder of the Shining One.
             Splashed by an oklob plant's acid (14 damage)
             ... on level 9 of the Dungeon.
             The game lasted 00:29:55 (7257 turns).

jestyr24 the Blocker (Minotaur Fighter)             Turns: 7257, Time: 00:29:56

Health: -12/90     AC: 10    Str: 23    XL:     10   Next: 56%
Magic:  19/19      EV: 11    Int:  5    God:    the Shining One [****..]
Gold:   560        SH: 19    Dex: 11    Spells: 9/9 levels left

rFire    + . .     SeeInvis +   z - +3 flail (protect)
rCold    x . .     Faith    .   q - +2 kite shield
rNeg     + + +     Spirit   .   v - +4 scale mail of the Lute {Rampage rElec rN+ SInv}
rPois    .         Reflect  +   (helmet restricted)
rElec    +         Harm     .   k - +0 cloak
rCorr    .         Rampage  +   x - +0 pair of gloves
Will     .....                  (no boots)
Stlth    ..........             o - amulet of reflection
HPRegen  0.25/turn              t - ring of magical power
MPRegen  0.16/turn              u - ring of fire

@: corroded, protection aura, glowing
A: retaliatory headbutt, horns 2
a: Renounce Religion, Divine Shield, Cleansing Flame


You were on level 9 of the Dungeon.
You worshipped the Shining One.
The Shining One was greatly pleased with you.
You visited 1 branch of the dungeon, and saw 9 of its levels.
You also visited: Ossuary.

You collected 560 gold pieces.

Inventory:

Hand Weapons
 a - a +0 war axe
 r - a +2 dagger of holy wrath
 z - a +3 flail of protection (weapon)
 I - a +0 executioner's axe
Missiles
 n - 20 poisoned darts (quivered)
Armour
 k - a +0 cloak (worn)
 q - a +2 kite shield (worn)
 v - the +4 scale mail of the Lute (worn) {Rampage rElec rN+ SInv}
   (You found it on level 4 of the Dungeon)

   It insulates you from electricity.
   It protects you from negative energy.
   It lets you see invisible.
   It bestows one free step when moving towards enemies.
 x - a +0 pair of gloves (worn)
Magical Staves
 H - a staff of cold
Jewellery
 o - an amulet of reflection (around neck)
 t - a ring of magical power (left hand)
 u - a ring of fire (right hand)
Wands
 s - a wand of acid (10)
 w - a wand of mindburst (14)
Scrolls
 c - a scroll of fear {unknown}
 e - 9 scrolls of identify
 g - 2 scrolls of teleportation {unknown}
 h - 4 scrolls of amnesia {unknown}
 l - 3 scrolls of enchant armour {unknown}
 y - 2 scrolls of magic mapping {unknown}
 A - 2 scrolls of immolation {unknown}
 B - a scroll of torment {unknown}
 D - a scroll of vulnerability {unknown}
 F - a scroll of enchant weapon
 G - a scroll of noise {unknown}
Potions
 b - a potion of mutation {unknown}
 d - a potion of might
 f - 3 potions of attraction {unknown}
 i - 7 potions of curing
 j - a potion of heal wounds
 m - 3 potions of brilliance {unknown}
 p - a potion of ambrosia {unknown}
 C - a potion of berserk rage
 E - a potion of lignification {unknown}


   Skills:
 - Level 8.6 Fighting
 - Level 9.2 Axes
 - Level 8.6 Armour
 - Level 5.3 Dodging
 - Level 0.5 Stealth
 - Level 11.4 Shields
 + Level 1.8 Invocations


You had 9 spell levels left.
You didn't know any spells.
Your spell library contained the following spells:

 Spells                   Type           Power        Failure   Level
 Confusing Touch          Hex            0%           99%         3
 Gell's Gravitas          Tloc           0%           99%         3
 Petrify                  Tmut/Erth      0%           100%        4
 Metabolic Englaciation   Hex/Ice        0%           100%        5
 Yara's Violent Unravell  Hex/Tmut       0%           100%        5


Dungeon Overview and Level Annotations

Branches:
Dungeon (9/15)             Temple (0/1) D:6            Lair (0/6) D:8
Ossuary (visited)
    Orc: D:9-12

Altars:
Ashenzari
Cheibriados
Fedhas
Nemelex Xobeh
Okawaru
Wu Jian
Zin
The Shining One

Shops:
D:8 [

Annotations:
D:8 1 runed translucent door
D:9 exclusion: 3 oklob plants


Innate Abilities, Weirdness & Mutations

You reflexively headbutt those who attack you in melee.
You have a pair of horns on your head.


Message History

* * * LOW HITPOINT WARNING * * *
The oklob plant spits acid at you. The splash of acid misses you.
You feel much better.
You hit the oklob plant but do no damage.
The oklob plant is heavily damaged.
You hit the oklob plant but do no damage.
The oklob plant is heavily damaged.
You hit the oklob plant but do no damage.
You headbutt the oklob plant, but do no damage.
The oklob plant is heavily damaged.
You hit the oklob plant but do no damage.
You headbutt the oklob plant, but do no damage.
The oklob plant is heavily damaged.
You hit the oklob plant but do no damage.
The oklob plant is heavily damaged.
You hit the oklob plant.
The oklob plant is heavily damaged.
The oklob plant spits acid at you. The splash of acid hits you!
You are splashed with acid!
* * * LOW HITPOINT WARNING * * *
You hit the oklob plant but do no damage.
The oklob plant is heavily damaged.
You hit the oklob plant.
The oklob plant is heavily damaged.
The oklob plant spits acid at you. The splash of acid hits you.
* * * LOW HITPOINT WARNING * * *
You are splashed with acid!
* * * LOW HITPOINT WARNING * * *
You hit the oklob plant but do no damage.
The oklob plant is heavily damaged.
You hit the oklob plant but do no damage.
You headbutt the oklob plant.
The oklob plant is heavily damaged.
The oklob plant spits acid at you. The splash of acid hits you.
* * * LOW HITPOINT WARNING * * *
You are splashed with acid!
You die...

#.[........ ##...........
#[.......P...
##.......PPPP.
#.......PP>PP.
#.......P?..P.
#......P?$..P. ##+######
#....@.PP(.PPP ........#
##.......P.PP..
........###)......(.PPP..
........#.$)##...........
........'.#.#............
.....>..###.#.#..........
.(......# #...#..........
#'####### #####'...####..
#.# #.####


You could see 3 oklob plants.

Vanquished Creatures
  A two-headed ogre (D:8)
  An unseen horror (D:8)
  Maggie (D:8)
  A komodo dragon (D:8)
  2 hornets
  Eustachio (D:6)
  3 wyverns (D:8)
  2 basilisks (D:8)
  A floating eye (D:9)
  A water moccasin (D:8)
  Duvessa (D:6)
  A swamp drake (D:8)
  An ice beast (D:6)
  2 orc warriors
  An ogre (D:6)
  A sky beast (D:8)
  2 centaurs
  Blork the orc (D:6)
  3 bullfrogs
  Dowan (D:6)
  2 water moccasin zombies (Ossuary)
  3 scorpions
  A water moccasin skeleton (D:3)
  6 killer bees (D:8)
  2 howler monkeys
  2 bullfrog zombies (D:8)
  A centaur zombie (D:8)
  A quasit (D:7)
  An orc priest (D:4)
  2 bullfrog skeletons
  A hound (D:8)
  Jessica (D:2)
  2 worker ants
  2 iguanas
  Natasha (thrice) (D:4)
  12 orc wizards
  A hound skeleton (D:6)
  2 mummies (Ossuary)
  14 adders
  A shadow imp (D:5)
  3 white imps
  An ooze (D:1)
  An adder skeleton (D:4)
  4 adder zombies
  3 worms
  A dart slug (D:1)
  6 leopard geckos
  30 orcs
  A ball python (D:3)
  8 giant cockroaches
  4 gnoll zombies
  3 goblins
  10 hobgoblins
  15 jackals
  4 quokkas
  6 bats
  3 frilled lizards
  7 hobgoblin zombies (Ossuary)
  8 kobolds
  4 kobold zombies
  A leopard gecko skeleton (D:6)
  A leopard gecko zombie (D:7)
  4 orc zombies
  A quokka zombie (D:5)
  4 rats
221 creatures vanquished.

Vanquished Creatures (others)
  4 plants
4 creatures vanquished.

Grand Total: 225 creatures vanquished

Notes
Turn   | Place    | Note
-------+----------+-------------------------------------------
     0 | D:1      | jestyr24 the Minotaur Fighter began the quest for the Orb.
     0 | D:1      | Reached XP level 1. HP: 19/19 MP: 0/0
   176 | D:1      | Reached XP level 2. HP: 24/27 MP: 1/1
   229 | D:1      | Reached skill level 4 in Shields
   416 | D:2      | Reached XP level 3. HP: 33/33 MP: 2/2
   622 | D:2      | Noticed Jessica
   624 | D:2      | Killed Jessica
   625 | D:2      | Reached XP level 4. HP: 38/40 MP: 3/3
   858 | D:2      | Found a broken altar of Ashenzari.
  1073 | D:2      | Reached XP level 5. HP: 40/46 MP: 4/4
  1608 | D:3      | Reached skill level 5 in Shields
  2199 | D:3      | Reached skill level 5 in Axes
  2285 | D:3      | Found a glowing golden altar of the Shining One.
  2286 | D:3      | Found a sparkling altar of Nemelex Xobeh.
  2287 | D:3      | Found a blossoming altar of Fedhas.
  2305 | D:3      | Became a worshipper of the Shining One
  2847 | D:4      | Reached XP level 6. HP: 43/52 MP: 5/5
  2908 | D:4      | Found an iron altar of Okawaru.
  2989 | D:4      | Reached skill level 5 in Armour
  3062 | D:4      | Reached skill level 1 in Dodging
  3143 | D:4      | Noticed Natasha
  3152 | D:4      | Killed Natasha
  3166 | D:4      | Got a steaming scale mail
  3177 | D:4      | Identified the +4 scale mail of the Lute {Rampage rElec rN+
                  | SInv} (You found it on level 4 of the Dungeon)
  3219 | D:4      | Noticed Natasha
  3227 | D:4      | Killed Natasha
  3333 | D:4      | Noticed Natasha
  3359 | D:4      | Killed Natasha
  3362 | D:4      | Reached XP level 7. HP: 50/60 MP: 6/6
  3469 | D:5      | Entered Level 5 of the Dungeon
  3490 | D:5      | Reached * piety under the Shining One
  3520 | D:5      | Reached skill level 6 in Shields
  3732 | D:5      | Reached skill level 5 in Fighting
  3888 | D:6      | Noticed Duvessa
  3889 | D:6      | Noticed Dowan
  3897 | D:6      | Killed Duvessa
  3898 | D:6      | Reached XP level 8. HP: 46/68 MP: 7/7
  3899 | D:6      | Killed Dowan
  4001 | D:6      | Noticed a hornet
  4015 | D:6      | Killed a hornet
  4016 | D:6      | Reached skill level 7 in Shields
  4043 | D:6      | Reached ** piety under the Shining One
  4271 | D:6      | Noticed Eustachio
  4282 | D:6      | Killed Eustachio
  4403 | D:6      | Noticed Blork the orc
  4429 | D:6      | Killed Blork the orc
  4723 | D:6      | Reached skill level 8 in Shields
  4725 | D:6      | Found a staircase to the Ecumenical Temple.
  5053 | D:7      | Reached XP level 9. HP: 72/75 MP: 8/8
  5232 | D:7      | Found a snail-covered altar of Cheibriados.
  5234 | D:7      | Noticed a torpor snail
  5301 | D:7      | Found an ornate altar of the Wu Jian Council.
  5530 | D:8      | Noticed Maggie
  5546 | D:8      | Killed Maggie
  5728 | D:8      | Reached skill level 9 in Shields
  5731 | D:8      | Found a sand-covered staircase.
  5742 | Ossuary  | Entered an ossuary
  5750 | Ossuary  | Reached *** piety under the Shining One
  5823 | Ossuary  | Reached **** piety under the Shining One
  5921 | D:8      | Noticed a two-headed ogre
  5933 | D:8      | Killed a two-headed ogre
  5934 | D:8      | Reached skill level 10 in Shields
  5938 | D:8      | Noticed an unseen horror
  5949 | D:8      | Killed an unseen horror
  5950 | D:8      | Reached XP level 10. HP: 76/88 MP: 9/9
  6542 | D:8      | Reached skill level 5 in Dodging
  6542 | D:8      | Reached skill level 11 in Shields
  6821 | D:8      | Found a staircase to the Lair.
  6947 | D:8      | Found a glowing silver altar of Zin.
  6947 | D:8      | Found a runed translucent door.
  6947 | D:8      | Noticed an angel
  6963 | D:8      | Found Cyntowu's Armour Shop.
  7199 | D:9      | Noticed an oklob plant
  7209 | D:9      | Paralysed by a floating eye for 4 turns
  7218 | D:9      | Reached skill level 1 in Invocations
  7219 | D:9      | Paralysed by a floating eye for 2 turns
  7230 | D:9      | Noticed an oklob plant
  7231 | D:9      | Noticed an oklob plant
  7257 | D:9      | HP: 2/90 [oklob plant/splash of acid (4)]
  7257 | D:9      | Splashed by an oklob plant's acid

Illustrated notes

Levels and vault maps discovered:
D:1:      giann_bridges, layout_rooms
D:2:      kb_forest_paths, layout_basic, lemuel_crystal_altar, uniq_jessica
D:3:      layout_basic, chequers_temple_overflow_statue_of_worship
D:4:      layout_cave_pools, okawaru_gym_becter, st_stairs_9, uniq_natasha
D:5:      cheibrodos_helix_gallery, layout_rooms
D:6:      layout_basic, temple_statues, uniq_blork_the_orc, uniq_eustachio,
          uniq_duvessa
D:7:      layout_basic, nicolae_overflow_hidden_temple, serial_rivers,
          chequers_serial_rivers_room_b, chequers_serial_rivers_large_b,
          chequers_serial_rivers_small_a, chequers_serial_rivers_micro_b,
          chequers_serial_rivers_marsh, cheibriados_altar_2
D:8:      layout_rooms, erik_lair_dragon, enter_ossuary_3, serial_shops, shop,
          lemuel_angel_altar, uniq_maggie
D:9:      layout_roguey, david_orc_3, serial_shops, shop, disabler_island

Skill      XL: |  1  2  3  4  5  6  7  8  9 10 |
---------------+-------------------------------+-----
Shields        | 4 5 6 8 10 11 | 11.4
Fighting       | 4 5 6 8 |  8.6
Armour         | 4 5 6 7 8 |  8.6
Axes           | 3 4 5 7 9 |  9.2
Dodging        | 1 2 4 5 |  5.3
Invocations    | 1 |  1.8
Stealth        | |  0.5

Action                   |  1- 3 |  4- 6 |  7- 9 | 10-12 || total
-------------------------+-------+-------+-------+-------++-------
Melee: War axe           |    57 |   162 |    73 |       ||   292
       Headbutt          |     4 |    27 |    57 |    31 ||   119
       Flail             |       |       |   190 |   131 ||   321
       Unarmed           |       |       |    22 |       ||    22
  Use: Scroll            |       |       |     2 |       ||     2
       Potion            |       |       |       |     3 ||     3
Armor: Scale mail        |    25 |    65 |    85 |    34 ||   209
Dodge: Dodged            |    16 |    59 |    68 |    39 ||   182
Block: Kite shield       |    31 |   100 |   226 |   101 ||   458
       Reflection        |       |       |     5 |     4 ||     9
       Other             |       |       |     2 |       ||     2

Table legend: (Time is in decaauts)
 A = Elapsed time spent in this place.
 B = Non-inter-level travel time spent in this place.
 C = Inter-level travel time spent in this place.
 D = Time resting spent in this place.
 E = Time spent auto-exploring this place.
 F = Levels seen in this place.
 G = Mean time per level.
                   A        B        C        D        E       F      G
               +--------+--------+--------+--------+--------+-----+--------+
         Total |   7502 |   7286 |    216 |    723 |   3948 |  10 |  750.2 |
       Dungeon |   7327 |   7111 |    216 |    723 |   3948 |   9 |  814.1 |
       Ossuary |    174 |    174 |      0 |      0 |      0 |   1 |  174.0 |
               +--------+--------+--------+--------+--------+-----+--------+

Top non-repeatable levels by time:
     D:8: 1485 daAuts
     D:3: 1285 daAuts
     D:2: 1212 daAuts
     D:6: 1032 daAuts
     D:7: 693 daAuts
     D:4: 655 daAuts
     D:1: 432 daAuts
     D:5: 424 daAuts
 Ossuary: 174 daAuts
     D:9: 107 daAuts
